IL
EL PASO CHIHUAHUAS @ ALBUQUERQUE ISOTOPES
07/25/2049
 
TOP OF THE 1ST
El Paso Chihuahuas batting - Pitching for Albuquerque Isotopes : RHP Mark Hincks
Pitching: RHP Mark Hincks
Batting: RHB Dave McBain 0-0: Swinging Strike
0-1: Fly out, F4 (Popup, 4M, EV 74.4 MPH)
Batting: LHB Angel Mejia 0-0: Foul Ball, location: 2F
0-1: SINGLE (Groundball, 4D, EV 97.5 MPH)
Batting: LHB Chad Cutler 0-0: Fielders Choice at 2nd, 6-4 (Groundball, 6, EV 108.8 MPH)
Batting: RHB Luis Romero 0-0: Called Strike
Chad Cutler is caught stealing 2nd base 2-4
Top of the 1st over - 0 runs, 1 hit, 0 errors, 0 left on base; El Paso 0 - Albuquerque 0
BOTTOM OF THE 1ST
Albuquerque Isotopes batting - Pitching for El Paso Chihuahuas : LHP Ryan Tatum
Pitching: LHP Ryan Tatum
Batting: RHB Logan Morgan 0-0: Foul Ball, location: 2F
0-1: Ball
1-1: Foul Ball, location: 2F
1-2: Foul Ball, location: 2F
1-2: Ball
2-2: Strikes out swinging
Batting: SHB Jamel Wright 0-0: Fly out, F9 (Line Drive, 9S, EV 101.9 MPH)
Batting: RHB Chris King 0-0: Ball
1-0: Called Strike
1-1: Ball
2-1: Swinging Strike
2-2: Strikes out swinging
Bottom of the 1st over - 0 runs, 0 hits, 0 errors, 0 left on base; El Paso 0 - Albuquerque 0
TOP OF THE 2ND
El Paso Chihuahuas batting - Pitching for Albuquerque Isotopes : RHP Mark Hincks
Batting: RHB Luis Romero 0-0: Called Strike
0-1: Ball
1-1: Ground out 3-1 (Groundball, 34, EV 78.8 MPH)
Batting: RHB Andy Sheridan 0-0: Foul Ball, location: 2F
0-1: Ball
1-1: Ball
2-1: Ground out 6-3 (Groundball, 6, EV 81.9 MPH)
Batting: SHB Adam Martin 0-0: Ball
1-0: Foul Ball, location: 2F
1-1: Ground out U3 (Groundball, 3, EV 103.8 MPH)
Top of the 2nd over - 0 runs, 0 hits, 0 errors, 0 left on base; El Paso 0 - Albuquerque 0
BOTTOM OF THE 2ND
Albuquerque Isotopes batting - Pitching for El Paso Chihuahuas : LHP Ryan Tatum
Batting: RHB Jerry Sanchez 0-0: Called Strike
0-1: Fly out, F7 (Flyball, 78S, EV 89.4 MPH)
Batting: SHB Justin Hensley 0-0: Ball
1-0: Foul Ball, location: 2F
1-1: SINGLE (Groundball, 6M, EV 86.9 MPH) (infield hit)
Batting: RHB Sadataka Kuwahara 0-0: Called Strike
0-1: Called Strike
0-2: Ball
1-2: Ball
2-2: Foul Ball, location: 2F
2-2: Strikes out swinging
Batting: LHB Gabe Harvey 0-0: Ball
Justin Hensley is caught stealing 2nd base 2-6
Bottom of the 2nd over - 0 runs, 1 hit, 0 errors, 0 left on base; El Paso 0 - Albuquerque 0
TOP OF THE 3RD
El Paso Chihuahuas batting - Pitching for Albuquerque Isotopes : RHP Mark Hincks
Batting: RHB Robby Godwin 0-0: Called Strike
0-1: Ball
1-1: Ball
2-1: Called Strike
2-2: Ground out 5-3 (Groundball, 56, EV 103.8 MPH)
Batting: SHB Harrison McLaughlin 0-0: Ball
1-0: Foul Ball, location: 2F
1-1: Swinging Strike
1-2: Strikes out swinging
Batting: RHB Dave Cluster 0-0: Ground out 1-3 (Groundball, 13, EV 63.1 MPH)
Top of the 3rd over - 0 runs, 0 hits, 0 errors, 0 left on base; El Paso 0 - Albuquerque 0
BOTTOM OF THE 3RD
Albuquerque Isotopes batting - Pitching for El Paso Chihuahuas : LHP Ryan Tatum
Batting: LHB Gabe Harvey 0-0: Foul Ball, location: 2F
0-1: Ground out 5-3 (Groundball, 56, EV 87.5 MPH)
Batting: RHB Herb McIntyre 0-0: Fly out, F9 (Flyball, 9, EV 96.2 MPH)
Batting: RHB Vinny Estrada 0-0: Called Strike
0-1: Ball
1-1: Ball
2-1: Called Strike
2-2: Foul Ball, location: 2F
2-2: Ball
3-2: Foul Ball, location: 2F
3-2: Base on Balls
Batting: RHB Logan Morgan 0-0: Called Strike
0-1: Ground out 5-3 (Groundball, 56S, EV 75.6 MPH)
Bottom of the 3rd over - 0 runs, 0 hits, 0 errors, 1 left on base; El Paso 0 - Albuquerque 0
TOP OF THE 4TH
El Paso Chihuahuas batting - Pitching for Albuquerque Isotopes : RHP Mark Hincks
Batting: RHB Dave McBain 0-0: Called Strike
0-1: Swinging Strike
0-2: Ball
1-2: Fly out, F8 (Flyball, 8RD, EV 95.6 MPH)
Batting: LHB Angel Mejia 0-0: Ball
1-0: Called Strike
1-1: Called Strike
1-2: Foul Ball, location: 2F
1-2: Ball
2-2: Foul Ball, location: 2F
2-2: SOLO HOME RUN (Flyball, 7D, EV 98.1 MPH), Distance : 369 ft
Batting: LHB Chad Cutler 0-0: Ball
1-0: Ground out 5-3 (Groundball, 56, EV 91.9 MPH)
Batting: RHB Luis Romero 0-0: Ball
1-0: Ball
2-0: DOUBLE (Line Drive, 9LS, EV 112.5 MPH)
Batting: RHB Andy Sheridan 0-0: Called Strike
0-1: Called Strike
0-2: Ball
1-2: Foul Ball, location: 2F
1-2: Foul Ball, location: 2F
1-2: Ball
2-2: Foul Ball, location: 2F
2-2: SINGLE (Groundball, 56D, EV 96.9 MPH)
Luis Romero to third
Runner from 3rd tries for Home, SAFE, throw by LF to home
Batting: SHB Adam Martin 0-0: Foul Ball, location: 2F
0-1: Fielders Choice at 2nd, 6-4 (Groundball, 6, EV 105.0 MPH)
Top of the 4th over - 2 runs, 3 hits, 0 errors, 1 left on base; El Paso 2 - Albuquerque 0
BOTTOM OF THE 4TH
Albuquerque Isotopes batting - Pitching for El Paso Chihuahuas : LHP Ryan Tatum
Batting: SHB Jamel Wright 0-0: Ball
1-0: Ground out U3 (Groundball, 3, EV 83.8 MPH)
Batting: RHB Chris King 0-0: Ground out 5-3 (Groundball, 56, EV 108.1 MPH)
Batting: RHB Jerry Sanchez 0-0: Swinging Strike
0-1: Ball
1-1: Called Strike
1-2: Foul Ball, location: 2F
1-2: Ball
2-2: Strikes out swinging
Bottom of the 4th over - 0 runs, 0 hits, 0 errors, 0 left on base; El Paso 2 - Albuquerque 0
TOP OF THE 5TH
El Paso Chihuahuas batting - Pitching for Albuquerque Isotopes : RHP Mark Hincks
Batting: RHB Robby Godwin 0-0: SOLO HOME RUN (Flyball, 7D, EV 100.6 MPH), Distance : 378 ft
Batting: SHB Harrison McLaughlin 0-0: Called Strike
0-1: Called Strike
0-2: Ball
1-2: Ground out 6-3 (Groundball, 6, EV 108.8 MPH)
Batting: RHB Dave Cluster 0-0: Ball
1-0: Ball
2-0: Ball
3-0: Base on Balls
Batting: RHB Dave McBain 0-0: Ball
1-0: Fly out, F7 (Line Drive, 78S, EV 95.0 MPH)
Batting: LHB Angel Mejia 0-0: Ball
1-0: Ball
2-0: Foul Ball, location: 2F
2-1: Ball
3-1: Base on Balls
Dave Cluster to second
Batting: LHB Chad Cutler 0-0: Ball
1-0: Foul Ball, location: 2F
1-1: Foul Ball, location: 2F
1-2: Ball
2-2: Foul Ball, location: 2F
2-2: Ball
3-2: Ground out 1-3 (Groundball, 15, EV 71.9 MPH)
Top of the 5th over - 1 run, 1 hit, 0 errors, 2 left on base; El Paso 3 - Albuquerque 0
BOTTOM OF THE 5TH
Albuquerque Isotopes batting - Pitching for El Paso Chihuahuas : LHP Ryan Tatum
Batting: SHB Justin Hensley 0-0: Foul Ball, location: 2F
0-1: Ground out 6-3 (Groundball, 6, EV 89.4 MPH)
Batting: RHB Sadataka Kuwahara 0-0: Called Strike
0-1: Fly out, F8 (Flyball, 89D, EV 92.5 MPH)
Batting: LHB Gabe Harvey 0-0: Called Strike
0-1: Hit by Pitch
Batting: RHB Herb McIntyre 0-0: Ball
1-0: Called Strike
1-1: Fielders Choice at 2nd, 6-4 (Groundball, 6, EV 83.8 MPH)
Bottom of the 5th over - 0 runs, 0 hits, 0 errors, 1 left on base; El Paso 3 - Albuquerque 0
TOP OF THE 6TH
El Paso Chihuahuas batting - Pitching for Albuquerque Isotopes : RHP Mark Hincks
Batting: RHB Luis Romero 0-0: SINGLE (Groundball, 4MD, EV 94.4 MPH)
Batting: RHB Andy Sheridan 0-0: Swinging Strike
0-1: DOUBLE (Line Drive, 7LD, EV 108.1 MPH)
Luis Romero to third
Runner from 3rd tries for Home, SAFE, no throw by LF
Batting: SHB Adam Martin 0-0: Foul Ball, location: 2F
0-1: Ball
1-1: Foul Ball, location: 2F
1-2: Ball
2-2: Strikes out swinging
Batting: RHB Robby Godwin 0-0: Swinging Strike
0-1: Ball
1-1: Ball
2-1: Ball
3-1: Base on Balls
Batting: SHB Harrison McLaughlin 0-0: Foul Ball, location: 2F
0-1: Called Strike
0-2: Fly out, F8 (Flyball, 78M, EV 88.1 MPH)
Batting: RHB Dave Cluster 0-0: Foul Ball, location: 2F
0-1: SINGLE (Groundball, 56S, EV 71.9 MPH) (infield hit)
Andy Sheridan to third
Robby Godwin to second
Batting: RHB Dave McBain 0-0: Called Strike
0-1: Foul Ball, location: 2F
0-2: Ball
1-2: Foul Ball, location: 2F
1-2: Foul Ball, location: 2F
1-2: SINGLE (Line Drive, 6D, EV 99.4 MPH)
Andy Sheridan scores
Robby Godwin to third
Dave Cluster to second
Runner from 3rd tries for Home, SAFE, throw by LF to home
Pitching: RHP Sal Contreras
Batting: LHB Angel Mejia 0-0: Called Strike
0-1: Ball
1-1: SINGLE (Line Drive, 6M, EV 95.6 MPH)
Dave Cluster to third
Dave McBain to second
Runner from 3rd tries for Home, SAFE, throw by CF to home
Batting: LHB Chad Cutler 0-0: Ball
1-0: Foul Ball, location: 2F
1-1: Called Strike
1-2: Foul Ball, location: 2F
1-2: Ball
2-2: Foul Ball, location: 2F
2-2: Strikes out looking
Top of the 6th over - 4 runs, 5 hits, 0 errors, 2 left on base; El Paso 7 - Albuquerque 0
BOTTOM OF THE 6TH
Albuquerque Isotopes batting - Pitching for El Paso Chihuahuas : LHP Ryan Tatum
Batting: RHB Vinny Estrada 0-0: Fly out, F9 (Flyball, 9S, EV 88.1 MPH)
Batting: RHB Logan Morgan 0-0: Foul Ball, location: 2F
0-1: Fly out, F8 (Line Drive, 8LM, EV 98.8 MPH)
Batting: SHB Jamel Wright 0-0: Ball
1-0: Ball
2-0: SOLO HOME RUN (Flyball, 89XD, EV 105.0 MPH), Distance : 426 ft
Batting: RHB Chris King 0-0: Called Strike
0-1: Ball
1-1: Ball
2-1: Fly out, F8 (Flyball, 89S, EV 80.6 MPH)
Bottom of the 6th over - 1 run, 1 hit, 0 errors, 0 left on base; El Paso 7 - Albuquerque 1
TOP OF THE 7TH
El Paso Chihuahuas batting - Pitching for Albuquerque Isotopes : RHP Sal Contreras
Batting: RHB Luis Romero 0-0: Called Strike
0-1: Ground out 5-3 (Groundball, 56S, EV 65.6 MPH)
Batting: RHB Andy Sheridan 0-0: Called Strike
0-1: Ball
1-1: Ball
2-1: Ball
3-1: Foul Ball, location: 2F
3-2: Foul Ball, location: 2F
3-2: Ground out 5-3 (Groundball, 56S, EV 90.6 MPH)
Batting: SHB Adam Martin 0-0: Called Strike
0-1: Ball
1-1: Ball
2-1: TRIPLE (Line Drive, 78XD, EV 109.4 MPH)
Batting: RHB Robby Godwin 0-0: Called Strike
0-1: Ball
1-1: Swinging Strike
1-2: Ball
2-2: Fly out, F8 (Flyball, 8RD, EV 103.1 MPH)
Top of the 7th over - 0 runs, 1 hit, 0 errors, 1 left on base; El Paso 7 - Albuquerque 1
BOTTOM OF THE 7TH
Albuquerque Isotopes batting - Pitching for El Paso Chihuahuas : LHP Ryan Tatum
Batting: RHB Jerry Sanchez 0-0: Ball
1-0: Called Strike
1-1: Ball
2-1: Foul Ball, location: 2F
2-2: Strikes out swinging
Batting: SHB Justin Hensley 0-0: Ball
1-0: DOUBLE (Groundball, 5L, EV 104.4 MPH)
Batting: RHB Sadataka Kuwahara 0-0: Ball
1-0: Called Strike
1-1: Called Strike
1-2: Ball
2-2: Strikes out looking
Batting: LHB Gabe Harvey 0-0: Called Strike
0-1: Ball
1-1: Ball
2-1: Ball
3-1: Called Strike
3-2: SINGLE (Line Drive, 6D, EV 103.8 MPH)
Justin Hensley to third
Runner from 3rd tries for Home, SAFE, throw by CF to home
Batting: RHB Herb McIntyre 0-0: Ball
1-0: Fielders Choice at 2nd, 6-4 (Groundball, 6, EV 91.2 MPH)
Bottom of the 7th over - 1 run, 2 hits, 0 errors, 1 left on base; El Paso 7 - Albuquerque 2
TOP OF THE 8TH
El Paso Chihuahuas batting - Pitching for Albuquerque Isotopes : RHP Sal Contreras
Batting: SHB Harrison McLaughlin 0-0: Ball
1-0: Foul Ball, location: 2F
1-1: Ball
2-1: Foul Ball, location: 2F
2-2: Ball
3-2: Base on Balls
Pitching: LHP Taek-hyun Kim
Batting: RHB Dave Cluster 0-0: Called Strike
0-1: Ball
1-1: SINGLE (Groundball, 56D, EV 109.4 MPH)
Harrison McLaughlin to second
Batting: RHB Dave McBain 0-0: Called Strike
0-1: Ball
1-1: TRIPLE (Line Drive, 89XD, EV 105.0 MPH)
Harrison McLaughlin scores
Dave Cluster scores
Batting: LHB Angel Mejia 0-0: Called Strike
0-1: Swinging Strike
0-2: Ball
1-2: SINGLE (Groundball, 4M, EV 105.6 MPH)
Dave McBain scores
Batting: LHB Chad Cutler 0-0: Called Strike
0-1: Ball
1-1: Fly out, F9 (Flyball, 9D, EV 92.5 MPH)
Batting: RHB Luis Romero 0-0: Called Strike
0-1: Foul Ball, location: 2F
0-2: Strikes out swinging
Batting: RHB Andy Sheridan 0-0: Ball
1-0: Ball
2-0: Swinging Strike
2-1: Called Strike
2-2: Strikes out swinging
Top of the 8th over - 3 runs, 3 hits, 0 errors, 1 left on base; El Paso 10 - Albuquerque 2
BOTTOM OF THE 8TH
Albuquerque Isotopes batting - Pitching for El Paso Chihuahuas : LHP Ryan Tatum
Batting: RHB Vinny Estrada 0-0: Ball
1-0: Called Strike
1-1: Called Strike
1-2: Ball
2-2: Ball
3-2: SINGLE (Line Drive, 78M, EV 86.9 MPH)
Batting: RHB Logan Morgan 0-0: Swinging Strike
0-1: Ball
1-1: Ball
2-1: Fielders Choice at 2nd, 3-6 (Groundball, 34, EV 91.9 MPH)
Batting: SHB Jamel Wright 0-0: SINGLE (Groundball, 56D, EV 98.8 MPH)
Logan Morgan to second
Batting: RHB Chris King 0-0: Ball
1-0: Ball
2-0: Fly out, F8 (Flyball, 8RM, EV 92.5 MPH)
Batting: RHB Jerry Sanchez 0-0: Ball
1-0: Swinging Strike
1-1: Fielders Choice at 2nd, 6-4 (Groundball, 6, EV 106.2 MPH)
Bottom of the 8th over - 0 runs, 2 hits, 0 errors, 2 left on base; El Paso 10 - Albuquerque 2
TOP OF THE 9TH
El Paso Chihuahuas batting - Pitching for Albuquerque Isotopes : LHP Taek-hyun Kim
Pinch Hitting: RHB Mike Hayward 0-0: Ball
1-0: Ball
2-0: Foul Ball, location: 2F
2-1: Foul Ball, location: 2F
2-2: Ball
3-2: Base on Balls
Batting: RHB Robby Godwin 0-0: Called Strike
0-1: Ball
1-1: Ball
2-1: Swinging Strike
2-2: Ball
3-2: Grounds into double play, 6-4-3 (Groundball, 6, EV 88.8 MPH)
Batting: SHB Harrison McLaughlin 0-0: Foul Ball, location: 2F
0-1: Ball
1-1: Ball
2-1: Ball
3-1: DOUBLE (Flyball, 89D, EV 103.8 MPH)
Batting: RHB Dave Cluster 0-0: Ball
1-0: Ball
2-0: Foul Ball, location: 2F
2-1: Ground out 5-3 (Groundball, 5L, EV 105.6 MPH)
Top of the 9th over - 0 runs, 1 hit, 0 errors, 1 left on base; El Paso 10 - Albuquerque 2
BOTTOM OF THE 9TH
Albuquerque Isotopes batting - Pitching for El Paso Chihuahuas : LHP Ryan Tatum
Now at 1B: Mike Hayward
Batting: SHB Justin Hensley 0-0: Ball
1-0: Ball
2-0: Ball
3-0: Called Strike
3-1: Base on Balls
Pitching: RHP Tony Delgado
Pinch Hitting: SHB D.J. Codd 0-0: Called Strike
0-1: Swinging Strike
0-2: Ball
1-2: Ball
2-2: Strikes out looking
Batting: LHB Gabe Harvey 0-0: Called Strike
0-1: Ball
1-1: Ball
2-1: 2-RUN HOME RUN (Flyball, 78XD, EV 108.8 MPH), Distance : 408 ft
Batting: RHB Herb McIntyre 0-0: Foul Ball, location: 2F
0-1: Called Strike
0-2: Strikes out swinging
Batting: RHB Vinny Estrada 0-0: Ball
1-0: Called Strike
1-1: Ball
2-1: Ball
3-1: Swinging Strike
3-2: Foul Ball, location: 2F
3-2: Foul Ball, location: 2F
3-2: Base on Balls
Batting: RHB Logan Morgan 0-0: Ball
1-0: Foul Ball, location: 2F
1-1: Called Strike
1-2: Fielders Choice at 2nd, 6-4 (Groundball, 6, EV 103.8 MPH)
Bottom of the 9th over - 2 runs, 1 hit, 0 errors, 1 left on base; El Paso 10 - Albuquerque 4
Sunday, July 16th , 2023 - OOTP Baseball 24.6 Build 69